 Dungeon Crawl Stone Soup version 0.17.0-28-g6e173f8 (webtiles) character file.

289 palettix the Covered (level 6, -3/57 HPs)
             Began as a Deep Dwarf Fighter on Nov 25, 2015.
             Killed by divine providence
             ... invoked by an orc priest
              (12 damage)
             ... on level 4 of the Dungeon.
             The game lasted 00:36:52 (3011 turns).

palettix the Covered (Deep Dwarf Fighter)           Turns: 3011, Time: 00:36:52

Health: -3/57      AC:  8    Str: 21    XL:     6   Next: 9%
Magic:  6/6        EV:  8    Int:  8    God:
Gold:   153        SH: 10    Dex: 13    Spells: 0 memorised, 5 levels left

rFire  . . .     SeeInvis .     H - +1 long sword (holy)
rCold  . . .     Clarity  .     b - +1 scale mail
rNeg   . . .     SustAt   .     c - +0 shield
rPois  .         Gourm    .     (no helmet)
rElec  .         Spirit   .     (no cloak)
rCorr  .         Warding  .     (no gloves)
rMut   .         Stasis   .     (no boots)
MR     .....                    (no amulet)
Stlth  ..........               (no ring)
                                (no ring)

@: lethally poisoned (-3 -> -3), non-regenerating, not resistant to hostile
enchantments, extremely unstealthy
A: damage resistance, recharge devices, sense surroundings 1, slow regeneration
3
a: Device Recharging


You were on level 4 of the Dungeon.
You were not hungry.

You visited 1 branch of the dungeon, and saw 4 of its levels.

You collected 153 gold pieces.

Inventory:

Hand Weapons
 a - a +0 war axe
 d - a +0 dagger
 n - a +0 club
 o - a +0 short sword
 r - a +0 dagger
 x - a +0 spear
 y - a +0 short sword
 C - a +0 mace
 G - a +1 flail of protection
 H - a +1 long sword of holy wrath (weapon)
Missiles
 p - 57 bolts
 F - 8 poisoned needles
Armour
 b - a +1 scale mail (worn)
 c - a +0 shield (worn)
 f - a +0 robe
 q - a +0 scale mail
 u - a +0 chain mail
Wands
 e - a wand of heal wounds (1)
 t - a wand of random effects (19)
 L - a wand of polymorph (13)
Scrolls
 j - 2 scrolls of immolation {unknown}
 k - a scroll of remove curse {unknown}
 l - 2 scrolls of magic mapping
 s - 3 scrolls of teleportation
 v - a scroll of recharging {unknown}
 D - a scroll of enchant weapon {unknown}
 K - a scroll of fear {unknown}
 M - a scroll of identify
Potions
 h - a potion of lignification {unknown}
 i - a potion of brilliance {unknown}
 m - a potion of might
 w - 2 potions of degeneration {unknown}
 z - a potion of magic {unknown}
 A - a potion of invisibility {unknown}
 B - a potion of agility {unknown}
 E - a potion of cancellation {unknown}
 I - a potion of curing
Comestibles
 g - 2 meat rations
 J - a bread ration


   Skills:
 + Level 3.7 Fighting
 + Level 0.8 Long Blades
 + Level 3.3 Axes
 + Level 4.4 Armour
 + Level 2.1 Dodging
 + Level 1.1 Stealth
 + Level 4.4 Shields
 + Level 0.3 Evocations


You had 5 spell levels left.
You didn't know any spells.

Dungeon Overview and Level Annotations

Branches:
Dungeon (4/15)
 Temple: D:4-7

Altars:
Cheibriados
Dithmenos
Makhleb
Trog
Xom

Portals:
Sewer: D:4


Innate Abilities, Weirdness & Mutations

You are resistant to damage.
You can recharge devices by infusing magical energy.
You passively map a small area around you.
You do not regenerate naturally.


Message History

Your experience leads to an increase in your attributes!
Increase (S)trength, (I)ntelligence, or (D)exterity?
You feel agile.
The orc priest invokes the aid of Beogh against you.
Something smites you!
* * * LOW HITPOINT WARNING * * *
The orc hits you but does no damage.
The orc priest hits you but does no damage.
The worker ant bites you but does no damage.
The orc hits you but does no damage. The orc priest barely misses you.
The orc hits you with a club.
You completely miss the orc priest.
You hear the brisk rusting of a very distant drain.
You block the worker ant's attack.
The orc priest hits you but does no damage.
You block the orc's attack. You block the orc priest's attack.
You block the worker ant's attack. The orc hits you with a club.
The orc priest calls down the wrath of Beogh upon you.
Something smites you!
You die...

*,,,,,,,,,,,,** ###.#...##
*,,,...,*#....# #.#.()#
*,,,,.(,*#....# #...).##
****,#..,#....###**###..†.#
*,#..,#......,,,* #.....
*,#...#....#***,* #>.†..
#.#...#.#..# *,#*#...#.
#.....ao)#.# *,..#.(<#.
*#.....@o..## **#.....#.
##....oo#..## ####...)
****#......#..[#########..
*,.....###..#.............
*,.....####.#..........#..
*,....,#..................
*,...,.o.####.............
*,...,,*,.>..............#
*,,,,,,**##..............#


You could see a worker ant, 2 orc priests and 2 orcs.

Vanquished Creatures
  A hound (D:4)
  A jelly (D:4)
  An orc priest (D:3)
  An orc wizard (D:4)
  Robin (D:4)
  5 adders
  2 worms
  11 orcs (D:3)
  A ball python (D:3)
  5 bats
  11 goblins
  13 hobgoblins
  A quokka (D:3)
  6 giant cockroaches
  7 giant geckos
  2 giant newts
  9 jackals
  4 kobolds
  8 rats
90 creatures vanquished.

Notes
Turn   | Place    | Note
--------------------------------------------------------------
     0 | D:1      | palettix the Deep Dwarf Fighter began the quest for the Orb.
     0 | D:1      | Reached XP level 1. HP: 20/20 MP: 1/1
   279 | D:1      | Found a snail-covered altar of Cheibriados.
   682 | D:1      | Reached XP level 2. HP: 21/27 MP: 2/2
  1115 | D:2      | Found a burning altar of Makhleb.
  1198 | D:2      | Found a shadowy altar of Dithmenos.
  1331 | D:2      | Found a shimmering altar of Xom.
  1383 | D:2      | Reached XP level 3. HP: 34/34 MP: 3/3
  1879 | D:3      | Reached XP level 4. HP: 29/42 MP: 4/4
  1982 | D:3      | Reached skill level 4 in Armour
  2070 | D:3      | Reached skill level 1 in Dodging
  2201 | D:3      | Found a shimmering altar of Xom.
  2311 | D:3      | Reached skill level 1 in Stealth
  2362 | D:3      | Reached XP level 5. HP: 36/49 MP: 5/5
  2720 | D:4      | Noticed Robin
  2743 | D:4      | Killed Robin
  2883 | D:4      | Found a glowing drain.
  2995 | D:4      | Found a bloodstained altar of Trog.
  3010 | D:4      | Reached XP level 6. HP: 13/57 MP: 6/6
  3011 | D:4      | Killed from afar by an orc priest

Action                   |  1- 3 |  4- 6 || total
-------------------------+-------+-------++-------
Melee: War axe           |   139 |    56 ||   195
       Long sword        |       |    98 ||    98
Evoke: Wand              |     1 |     3 ||     4
  Use: Potion            |     1 |     2 ||     3
       Scroll            |       |     5 ||     5
  Eat: Meat ration       |     1 |       ||     1
       Bread ration      |     1 |       ||     1
       Beef jerky        |       |     1 ||     1
